 Dungeon Crawl Stone Soup version 0.22-a0-223-g0f5d773 (webtiles) character file.

2359 varam the Caller (level 9, 0/97 HPs)
             Began as a Human Wizard on Feb 18, 2018.
             Was a Believer of Sif Muna.
             Slain by a hornet (5 damage)
             ... on level 8 of the Dungeon.
             The game lasted 00:47:46 (10727 turns).

varam the Caller (Human Wizard)                    Turns: 10727, Time: 00:47:47

Health: 0/97       AC: 24    Str:  7    XL:     9   Next: 72%
Magic:  12/13      EV:  2    Int: 21    God:    Sif Muna [**....]
Gold:   392        SH:  5    Dex: 13    Spells: 6/14 levels left

rFire    + . .     SeeInvis +   n - +0 dagger (chaos)
rCold    x . .     Gourm    .   p - +0 buckler
rNeg     + + +     Faith    .   (armour currently unavailable)
rPois    +         Spirit   .   (helmet currently unavailable)
rElec    .         Reflect  .   (cloak currently unavailable)
rCorr    .         Harm     .   (gloves currently unavailable)
MR       .....     NoTele   +   (boots currently unavailable)
Stlth    ++........             r - amulet of magic regeneration
HPRegen  0.26/turn              u - ring of fire
MPRegen  0.38/turn              w - ring of see invisible

@: lethally poisoned (0 -> -1), tree-form
A: no striking features
a: Divine Energy, Renounce Religion


You were on level 8 of the Dungeon.
You worshipped Sif Muna.
Sif Muna was pleased with you.
You were not hungry.
You were a tree.
You visited 1 branch of the dungeon, and saw 8 of its levels.

You collected 392 gold pieces.

Inventory:

Hand Weapons
 i - a +0 whip
 n - a +0 dagger of chaos (weapon)
 o - a +0 hunting sling
Missiles
 h - 163 stones (quivered)
 C - 8 tomahawks of returning
Armour
 a - a +0 robe
 p - a +0 buckler (worn)
 y - a +0 helmet (melded)
 F - a +1 cloak (melded)
 I - a +0 robe of positive energy (melded)
 J - a scarf of spirit shield
Jewellery
 b - an uncursed amulet of rage
 r - an amulet of magic regeneration (around neck)
 u - a ring of fire (left branch)
 w - a ring of see invisible (right branch)
Wands
 z - a wand of random effects (7)
 G - a wand of polymorph (2)
Scrolls
 e - a scroll of teleportation
 q - a scroll of immolation {unknown}
 t - a scroll of random uselessness {unknown}
 v - 5 scrolls of magic mapping {unknown}
 x - a scroll of remove curse {unknown}
 A - a scroll of blinking {unknown}
 E - a scroll of enchant armour {unknown}
 K - 2 scrolls of identify
 N - a scroll of amnesia {unknown}
Potions
 g - a potion of cancellation {unknown}
 j - 3 potions of haste
 k - 4 potions of brilliance
 l - 2 potions of heal wounds {unknown}
 m - a potion of flight
 s - a potion of lignification
 B - a potion of mutation {unknown}
 D - a potion of might {unknown}
 H - a potion of magic {unknown}
 L - a potion of ambrosia {unknown}
 M - a potion of resistance {unknown}
Comestibles
 c - 12 rations


   Skills:
 - Level 3.7 Fighting
 - Level 2.0 Dodging
 - Level 2.0 Stealth
 - Level 4.6 Shields
 - Level 3.0 Spellcasting
 + Level 4.7 Conjurations
 + Level 7.4 Summonings
 + Level 3.3 Translocations
 + Level 3.2 Air Magic
 + Level 3.1 Poison Magic


You had 6 spell levels left.
You knew the following spells:

 Your Spells              Type           Power        Failure   Level  Hunger
a - Magic Dart            Conj           ###.         1%          1    None
b - Call Imp              Summ           ####....     1%          2    ##.....
c - Blink                 Tloc           N/A          4%          2    ##.....
d - Mephitic Cloud        Conj/Pois/Air  ###.....     9%          3    ###....


Dungeon Overview and Level Annotations

Branches:
Dungeon (8/15)             Temple (0/1) D:7            Lair (0/6) D:8

Altars:
Ashenzari
Fedhas
Okawaru
Sif Muna
Xom

Shops:
D:4 *   D:7 *


Message History

You hit the hornet. You burn the hornet.
The hornet is severely wounded.
You block the hornet's attack.
Your crimson imp hits the hornet but does no damage.
The hornet stings your crimson imp!
Your crimson imp dies!
The hornet buzzes angrily.
You hit the hornet.
The hornet is almost dead.
You feel sick.
The hornet stings you but does no damage.
You hit the hornet but do no damage.
The hornet is almost dead.
The hornet stings you but does no damage.
The hornet stings you.
* * * LOW HITPOINT WARNING * * *
You closely miss the hornet.
The hornet is severely wounded.
The hornet stings you.
You die...

..........# #.##
#..### ..........#
#..###.....#
..........####......%#
............###...# ##
.......####.....###
.#.## ......# ###..##
....## .....# ##.#
##....... ..#.. ##.##
##........ . ##
#..♣###......... .
#..#.y#..............
#..###................
#..# #................
#..#
##................
...#
#................. ...
#.................. ..
#...................
..................o..


You could see a hornet.

Vanquished Creatures
  Grinder (D:6)
  A yak (D:8)
  A sky beast (D:6)
  A black bear (D:8)
  A necrophage (D:7)
  An eye of draining (D:5)
  A centaur (D:7)
  An ogre (D:8)
  A wolf (shapeshifter) (D:6)
  3 bullfrogs
  A scorpion (D:6)
  Dowan (D:6)
  2 killer bees (D:8)
  A howler monkey (D:7)
  A crimson imp (D:4)
  A jelly (D:5)
  A hound (D:4)
  A centaur zombie (D:5)
  An orc priest (D:8)
  2 iguanas (D:8)
  2 orc wizards (D:7)
  3 worker ants
  A hound zombie (D:6)
  A hound skeleton (D:6)
  6 gnolls
  5 adders
  An adder skeleton (D:5)
  2 adder zombies
  A worm (D:7)
  A dart slug (D:1)
  2 leopard geckos
  10 orcs
  10 bats
  7 giant cockroaches
  7 goblins
  4 hobgoblins
  2 jackals
  3 frilled lizards
  A jackal skeleton (D:4)
  8 kobolds
  A leopard gecko zombie (D:6)
  11 rats
113 creatures vanquished.

Vanquished Creatures (collateral kills)
  A sky beast (shapeshifter) (D:8)
  An ogre (D:6)
  3 bullfrogs
  4 killer bees (D:8)
  2 howler monkeys (D:7)
  4 crimson imps
  6 hounds
  Crazy Yiuf (D:6)
  A centaur skeleton (D:7)
  A bullfrog skeleton (D:4)
  An orc priest (D:8)
  A jelly (D:5)
  An iguana (D:5)
  A worker ant (D:4)
  7 adders
  6 gnolls
  2 shadow imps (D:5)
  An adder skeleton (D:6)
  A worm (D:3)
  2 orcs
  2 giant cockroaches
  A goblin (D:3)
  2 jackals (D:8)
  A kobold (D:1)
  A quokka (D:4)
  A bat (D:1)
  A frilled lizard (D:2)
  A quokka zombie (D:6)
  2 rats
59 creatures vanquished.

Grand Total: 172 creatures vanquished

Notes
Turn   | Place    | Note
-------+----------+-------------------------------------------
     0 | D:1      | varam the Human Wizard began the quest for the Orb.
     0 | D:1      | Reached XP level 1. HP: 13/13 MP: 4/4
   262 | D:1      | Reached XP level 2. HP: 10/19 MP: 1/6
   266 | D:1      | Learned a level 2 spell: Call Imp
   328 | D:1      | Reached skill level 2 in Conjurations
   862 | D:1      | Reached XP level 3. HP: 24/24 MP: 2/7
  1069 | D:1      | Reached skill level 3 in Conjurations
  1161 | D:1      | Learned a level 3 spell: Mephitic Cloud
  1383 | D:1      | Learned a level 2 spell: Blink
  1639 | D:2      | Reached XP level 4. HP: 20/30 MP: 1/8
  2092 | D:3      | Reached skill level 2 in Summonings
  2883 | D:3      | Reached XP level 5. HP: 29/35 MP: 4/9
  3008 | D:3      | Found a shattered altar of Ashenzari.
  3202 | D:4      | Reached skill level 3 in Summonings
  3582 | D:4      | Reached skill level 4 in Summonings
  3587 | D:4      | Reached XP level 6. HP: 9/41 MP: 10/10
  4209 | D:4      | Found Qetemyxa's General Store.
  4425 | D:5      | Entered Level 5 of the Dungeon
  4559 | D:5      | Reached skill level 5 in Summonings
  4574 | D:5      | Found an iron altar of Okawaru.
  4785 | D:4      | Found a shimmering altar of Xom.
  4809 | D:4      | Reached skill level 1 in Shields
  5036 | D:4      | Reached skill level 2 in Shields
  5121 | D:4      | Reached XP level 7. HP: 45/46 MP: 11/11
  5465 | D:5      | Found a deep blue altar of Sif Muna.
  5470 | D:5      | Became a worshipper of Sif Muna the Loreminder
  5768 | D:5      | Reached skill level 3 in Shields
  6068 | D:5      | Reached skill level 4 in Shields
  6290 | D:6      | Noticed Dowan
  6299 | D:6      | Noticed Duvessa
  6444 | D:6      | Noticed Grinder
  6446 | D:6      | Paralysed by Grinder for 7 turns
  6577 | D:6      | Found a runed door.
  6581 | D:6      | Noticed Crazy Yiuf
  6587 | D:6      | Killed Crazy Yiuf
  6623 | D:6      | Reached skill level 1 in Fighting
  6663 | D:6      | Reached XP level 8. HP: 53/55 MP: 9/12
  6755 | D:6      | Duvessa changed into Duvessa the tengu
  6766 | D:6      | Reached skill level 2 in Fighting
  7109 | D:6      | HP: 4/56 [Dowan/dagger (3)]
  7540 | D:6      | Reached skill level 6 in Summonings
  7565 | D:6      | Killed Grinder
  7565 | D:6      | Reached skill level 3 in Fighting
  7978 | D:6      | Killed Dowan
  8010 | D:6      | Found a blossoming altar of Fedhas.
  8565 | D:7      | Reached skill level 1 in Air Magic
  8903 | D:7      | Reached skill level 1 in Poison Magic
  8916 | D:7      | Reached * piety under Sif Muna
  8931 | D:7      | Found a staircase to the Ecumenical Temple.
  8982 | D:7      | Reached XP level 9. HP: 63/65 MP: 13/13
  9109 | D:7      | Reached skill level 2 in Translocations
  9136 | D:7      | Found Xar Ohuh's Assorted Antiques.
  9356 | D:8      | Found a staircase to the Lair.
  9364 | D:8      | Noticed a hippogriff
  9513 | D:7      | Reached skill level 4 in Conjurations
  9513 | D:7      | Reached skill level 2 in Air Magic
  9579 | D:8      | Reached skill level 2 in Poison Magic
  9616 | D:8      | Reached skill level 7 in Summonings
  9992 | D:8      | Reached skill level 3 in Translocations
 10001 | D:8      | Reached ** piety under Sif Muna
 10384 | D:8      | Noticed a hornet
 10386 | D:8      | Reached skill level 3 in Air Magic
 10432 | D:8      | Reached skill level 3 in Poison Magic
 10719 | D:8      | Paralysed by a hornet for 2 turns
 10726 | D:8      | HP: 5/97 [hornet (6)]
 10727 | D:8      | Slain by a hornet

Vault maps used:
D:1:      giann_bridges, st_stairs_5
D:3:      minmay_door_path, old_standard_altar, first_ration
D:4:      led_xom_imps, serial_shops, shop
D:5:      okawaru_trees_1, kennysheep_little_box, hex_large
D:6:      grunt_ministairs_14, eino_small_chamber_without_monster,
          fedhas_altar_4, uniq_duvessa, uniq_crazy_yiuf_cottage, uniq_grinder
D:7:      minmay_temple_entry_trees, serial_shops, shop
D:8:      gammafunk_temple_overflow_elements, zin_scriptorium,
          lemuel_crystal_altar, david_lair_generic, the_bakery,
          grunt_decor_one_mirror

Skill      XL: |  1  2  3  4  5  6  7  8  9 |
---------------+----------------------------+-----
Conjurations   | 2 3 4 |  4.7
Summonings     | 2 4 5 6 7 |  7.4
Shields        | 2 4 |  4.6
Fighting       | 1 3 |  3.7
Air Magic      | 1 3 |  3.2
Poison Magic   | 1 3 |  3.1
Translocations | 3 |  3.3
Dodging        | |  2.0
Stealth        | |  2.0
Spellcasting   | |  3.0

Action                   |  1- 3 |  4- 6 |  7- 9 || total
-------------------------+-------+-------+-------++-------
Melee: Unarmed           |    28 |       |       ||    28
       Whip              |    34 |    58 |       ||    92
       Dagger            |       |     9 |   239 ||   248
 Cast: Magic Dart        |    63 |    84 |   209 ||   356
       Call Imp          |     7 |    36 |   102 ||   145
       Blink             |       |     2 |     6 ||     8
       Mephitic Cloud    |       |       |     9 ||     9
Evoke: Wand              |       |       |     1 ||     1
  Use: Scroll            |       |     4 |     4 ||     8
       Potion            |       |       |     9 ||     9
 Stab: Sleeping          |       |     3 |       ||     3
       Distracted        |       |     3 |     4 ||     7
       Confused          |       |       |     8 ||     8
       Petrified         |       |       |     3 ||     3
       Petrifying        |       |       |     1 ||     1
       Paralysed         |       |       |     1 ||     1
  Eat: Chunk             |     2 |    13 |     9 ||    24
       Ration            |       |       |     4 ||     4
Armor: Robe              |    68 |    19 |    75 ||   162
       Skin              |       |       |     5 ||     5
Dodge: Dodged            |   154 |    77 |   193 ||   424
Block: Buckler           |       |       |    76 ||    76

Table legend:
 A = Spawn XP
 B = Non-spawn XP
 C = Spawn XP percentage of total XP
 D = Spawn monster count
 E = Non-spawn monster count
 F = Spawn count percentage of total count
 G = Total turns spent on level
                    A         B        C        D         E        F      G
               +---------+---------+-------+---------+---------+-------+---------
         Total |       0 |    3371 |   0.0 |       0 |     172 |   0.0 | 10727
               +---------+---------+-------+---------+---------+-------+---------
           D:1 |       0 |      41 |   0.0 |       0 |      26 |   0.0 |  1488
           D:2 |       0 |      53 |   0.0 |       0 |      19 |   0.0 |   750
           D:3 |       0 |      55 |   0.0 |       0 |      19 |   0.0 |   962
           D:4 |       0 |     349 |   0.0 |       0 |      17 |   0.0 |  1715
           D:5 |       0 |     333 |   0.0 |       0 |      17 |   0.0 |  1543
           D:6 |       0 |     824 |   0.0 |       0 |      20 |   0.0 |  1655
           D:7 |       0 |     589 |   0.0 |       0 |      25 |   0.0 |  1962
           D:8 |       0 |    1127 |   0.0 |       0 |      29 |   0.0 |   652
               +---------+---------+-------+---------+---------+-------+---------
